 Dungeon Crawl Stone Soup version 0.30.0-15-g856e2d3f33 (webtiles) character file.

Game seed: 12751824989444804459

118 qw the Chopper (level 5, -2/32 HPs)
             Began as a Gargoyle Cinder Acolyte on May 18, 2023.
             Was a High Priest of Ignis.
             Killed from afar by Ijyb (20 damage)
             ... with a bolt of dispelling energy
             ... on level 3 of the Dungeon.
             The game lasted 00:00:50 (2472 turns).

qw the Chopper (Gargoyle Cinder Acolyte)            Turns: 2472, Time: 00:00:51

Health: -2/32      AC:  6    Str: 19    XL:     5   Next: 2%
Magic:  6/6        EV: 11    Int: 15    God:    Ignis [*****.]
Gold:   178        SH:  0    Dex:  5    Spells: 6/6 levels left

rFire   + . .        Y - +0 hand axe (flame)
rCold   . . .        (no shield)
rNeg    + . .        b - +0 robe
rPois   inf          (no helmet)
rElec   +            (no cloak)
rCorr   .            (no gloves)
SInv    .            (no boots)
Will    +....        (no amulet)
Stlth   +            c - ring of willpower
HPRegen 0.25/turn    (no ring)
MPRegen 0.10/turn

%: no passive effects
@: no status effects
A: sickness immunity, AC +4, negative energy resistance 1, electricity
resistance, torment resistance 1, petrification resistance
a: Renounce Religion, Fiery Armour, Foxfire Swarm, Rising Flame


You were on level 3 of the Dungeon.
You worshipped Ignis.
Ignis was extremely pleased with you.
You visited 1 branch of the dungeon, and saw 3 of its levels.

You collected 178 gold pieces.


Innate Abilities, Weirdness & Mutations

You are immune to sickness and miasma.
Your stone body is resilient. (AC +4)
You are immune to poison.
You resist negative energy. (rN+)
You are resistant to electric shocks. (rElec)
You are resistant to unholy torment.
You are immune to petrification.


   Skills:
 + Level 3.3 Fighting
 - Level 5.0 Axes
 - Level 1.0 Spellcasting
 - Level 3.0 Fire Magic


You had 6 spell levels left.
You didn't know any spells.
Your spell library contained the following spells:

 Spells                   Type           Power      Damage    Failure   Level
 Scorch                   Fire           18%        2d5       11%         2

Inventory:

Hand Weapons
 Y - a +0 hand axe of flaming (weapon)
Armour
 b - a +0 robe (worn)
Jewellery
 c - a ring of willpower (left hand)
Scrolls
 e - a scroll of blinking {unknown}
 g - a scroll of identify {unknown}
Potions
 a - 2 potions of curing {unknown}
 d - a potion of magic {unknown}
 f - a potion of attraction {unknown}
 h - 2 potions of resistance
 i - a potion of mutation {unknown}
 j - a potion of brilliance {unknown}
 k - a potion of might
 l - a potion of cancellation {unknown}
 n - a potion of lignification {unknown}

Dungeon Overview and Level Annotations

Branches:
Dungeon (3/15)

Altars:

Annotations:
D:3 Ijyb


Message History

A bat comes into view.
Found an escape hatch in the floor.
The bat barely misses you. The bat hits you. The bat closely misses you.
You barely miss the bat.
Ijyb shouts!
The bat closely misses you.
You slash the bat! You burn the bat.
You kill the bat!
Found a scroll labelled QIGHIN XILA.
You hit Ijyb. You burn Ijyb.
Ijyb is lightly wounded.
Ijyb completely misses you.
You barely miss Ijyb.
Ijyb is lightly wounded.
Ijyb completely misses you.
You hit Ijyb. You burn Ijyb.
Ijyb is moderately wounded.
Ijyb hits you but does no damage.
You hit Ijyb but do no damage.
Ijyb is moderately wounded.
Ijyb hits you with a +0 dagger.
You hit Ijyb. You burn Ijyb.
Ijyb is heavily wounded.
Ijyb hits you but does no damage.
You hit Ijyb but do no damage.
Ijyb is heavily wounded.
Ijyb hits you with a +0 dagger.
You closely miss Ijyb.
Ijyb is heavily wounded.
Ijyb zaps a wand.
The bolt of dispelling energy hits you!
You hit Ijyb but do no damage.
Ijyb is heavily wounded.
Ijyb hits you with a +0 dagger.
You closely miss Ijyb.
Ijyb is heavily wounded.
Ijyb zaps a wand.
The bolt of dispelling energy hits you!!
Ouch! That really hurt!
You die...

##### #.. #........
#...### #.. ##..>.....
#.#.#.# ... .........
#.#.#.# . ... #........
#.#.#.# ..##.###......
#.#.#.# .....?.#....
#.#.#.#
.......##%########......
......g@................
.......##..###.###.##...
.......#.......%...##.##
.......#.#####.##.......
.......#. ###.#####..##
.......## #..........##
....... # #.#..#####.##
##..... #.#....# #.##
#.#.##.# #.##


You could see Ijyb.

Vanquished Creatures
  A scorpion (D:3)
  3 adders
  7 hobgoblins
  5 ball pythons
  2 bats
  3 frilled lizards
  7 goblins
  6 kobolds
  3 rats
37 creatures vanquished.

Notes
Turn   | Place    | Note
-------+----------+-------------------------------------------
     0 | D:1      | qw the Gargoyle Cinder Acolyte began the quest for the Orb.
     0 | D:1      | Reached XP level 1. HP: 14/14 MP: 2/2
     0 | D:1      | 0 ||| qw: Version: 0.2-a-95-gc95f03d
     0 | D:1      | 0 ||| qw: Game counter: 22
     0 | D:1      | 0 ||| qw: Always use a shield: true
     0 | D:1      | 0 ||| qw: God list: Okawaru
     0 | D:1      | 0 ||| qw: Allow faded altars: false
     0 | D:1      | 0 ||| qw: Do Orc after D:15 true
     0 | D:1      | 0 ||| qw: Do second Lair branch before Depths: true
     0 | D:1      | 0 ||| qw: Lair rune preference: random
     0 | D:1      | 0 ||| qw: Plans: Normal
     0 | D:1      | 0 ||| PLANNING D:1-11
    16 | D:1      | 16 ||| INVOKING Fiery Armour.
    54 | D:1      | You fall into a shaft and drop 1 floor!
    56 | D:2      | 56 ||| Stepping ~*~*~tactically~*~*~ (stealth).
    57 | D:2      | 57 ||| Stepping ~*~*~tactically~*~*~ (stealth).
   132 | D:2      | Reached skill level 3 in Axes
   160 | D:2      | 160 ||| READING scroll labelled MOWOQA BOWYVA.
   216 | D:1      | Reached XP level 2. HP: 19/19 MP: 3/3
  1158 | D:1      | 1158 ||| UPGRADING to ring of willpower.
  1159 | D:1      | 1159 ||| READING 2 scrolls labelled QECKUH UMIVIRA.
  1163 | D:1      | 1163 ||| READING scroll labelled RUXTITE FUJE.
  1164 | D:1      | 1164 ||| DRINKING 2 lumpy orange potions.
  1165 | D:1      | 1165 ||| DRINKING 3 emerald potions.
  1294 | D:2      | Reached XP level 3. HP: 21/23 MP: 4/4
  1487 | D:2      | 1487 ||| Stepping ~*~*~tactically~*~*~ (stealth).
  1489 | D:2      | 1489 ||| Stepping ~*~*~tactically~*~*~ (hiding).
  1491 | D:2      | 1491 ||| Stepping ~*~*~tactically~*~*~ (hiding).
  1904 | D:2      | 1904 ||| Stepping ~*~*~tactically~*~*~ (stealth).
  1915 | D:2      | Reached skill level 4 in Axes
  1944 | D:2      | 1944 ||| READING 2 scrolls labelled SOEVAUL VUY.
  1945 | D:2      | 1945 ||| READING scroll labelled NUCERR UTRAPPO.
  1946 | D:2      | 1946 ||| DRINKING 2 fuming amethyst potions.
  1947 | D:2      | 1947 ||| DROPPING scroll of fog.
  2069 | D:3      | Found a faded altar of an unknown god.
  2096 | D:3      | Noticed Ijyb
  2096 | D:3      | HP: 1/23 [Ijyb/bolt of dispelling energy (22)]
  2097 | D:3      | 2097 ||| READING 2 scrolls of teleportation.
  2098 | D:3      | 2098 ||| DRINKING potion of heal wounds.
  2153 | D:3      | 2153 ||| Stepping ~*~*~tactically~*~*~ (hiding).
  2154 | D:3      | 2154 ||| Stepping ~*~*~tactically~*~*~ (hiding).
  2157 | D:3      | HP: 3/23 [Ijyb/bolt of dispelling energy (20)]
  2158 | D:3      | 2158 ||| READING scroll of teleportation.
  2159 | D:3      | 2159 ||| INVOKING Fiery Armour.
  2287 | D:3      | Noticed a scorpion
  2298 | D:3      | Killed a scorpion
  2299 | D:3      | Reached XP level 4. HP: 16/28 MP: 5/5
  2396 | D:3      | Reached skill level 5 in Axes
  2396 | D:3      | Reached XP level 5. HP: 25/32 MP: 6/6
  2433 | D:3      | 2433 ||| Stepping ~*~*~tactically~*~*~ (stealth).
  2472 | D:3      | Killed from afar by Ijyb

Levels and vault maps discovered:
D:1:      dpeg_arrival_shrine, layout_loops_corners, grunt_decor_one_mirror
D:2:      cheibrodos_greedy_goblins, layout_loops_ring
D:3:      layout_basic, nicolae_ecumenical_pavilion, minmay_ruptured, uniq_ijyb

Skill      XL: |  1  2  3  4 |
---------------+-------------+-----
Axes           | 3 4 5 |  5.0
Fighting       | |  3.3
Spellcasting   | |  1.0
Fire Magic     | |  3.0

Action                     |  1- 3 |  4- 6 || total
---------------------------+-------+-------++-------
  Melee: Hand axe          |   103 |    31 ||   134
 Invoke: Fiery Armour      |     2 |       ||     2
    Use: Scroll            |     7 |       ||     7
         Potion            |     4 |       ||     4
 Armour: Robe              |    27 |    10 ||    37
  Dodge: Dodged            |    56 |    15 ||    71

Table legend:
 A = Non-vault XP
 B = Vault XP
 C = Vault XP percentage of total XP
 D = Non-vault monster count
 E = Vault monster count
 F = Vault count percentage of total count
                 A         B        C        D         E       F
            +---------+---------+-------+---------+---------+-------
      Total |     156 |      13 |   7.7 |      30 |       7 |  18.9
            +---------+---------+-------+---------+---------+-------
        D:1 |      20 |       0 |   0.0 |      15 |       0 |   0.0
        D:2 |      23 |      12 |  34.3 |       7 |       6 |  46.2
        D:3 |     113 |       1 |   0.9 |       8 |       1 |  11.1
            +---------+---------+-------+---------+---------+-------
